 Dungeon Crawl Stone Soup version 0.28-a0-895-g6e5f11bd55 (webtiles) character file.

Game seed: 3672500443138142755

152 ytrimaz the Chopper (level 5, 41/41 HPs)
             Began as a Demonspawn Fighter on Nov 22, 2021.
             Quit the game on level 2 of the Dungeon.
             The game lasted 00:01:58 (1819 turns).

ytrimaz the Chopper (Demonspawn Fighter)            Turns: 1819, Time: 00:01:59

Health: 41/41      AC:  8    Str: 18    XL:     5   Next: 11%
Magic:  5/5        EV:  9    Int:  9    God:
Gold:   45         SH:  4    Dex: 12    Spells: 4/4 levels left

rFire   . . .      SeeInvis .   a - +0 war axe
rCold   . . .      Faith    .   c - +0 buckler
rNeg    . . .      Spirit   .   b - +0 scale mail
rPois   .          Reflect  .   (no helmet)
rElec   .          Harm     .   (no cloak)
rCorr   .          Rampage  .   (no gloves)
Will    .....                   (no boots)
Stlth   ..........              (no amulet)
HPRegen 0.13/turn               (no ring)
MPRegen 0.09/turn               (no ring)

@: no status effects
A: molten scales 1, foul stench 1, powered by pain 1
a: no special abilities


You were on level 2 of the Dungeon.
You visited 1 branch of the dungeon, and saw 2 of its levels.

You collected 45 gold pieces.

Inventory:

Hand Weapons
 a - a +0 war axe (weapon)
Armour
 b - a +0 scale mail (worn)
 c - a +0 buckler (worn)
Scrolls
 e - a scroll of immolation
Potions
 f - a potion of curing
 g - a potion of flight {unknown}
 i - a potion of ambrosia {unknown}


   Skills:
 + Level 3.4 Fighting
 * Level 3.7 Axes
 + Level 3.4 Armour
 + Level 3.1 Shields


You had 4 spell levels left.
You didn't know any spells.
Your spell library contained the following spells:

 Spells                   Type           Power      Damage    Failure   Level
 Slow                     Hex            0%         N/A       80%         1
 Confusing Touch          Hex            0%         N/A       99%         3
 Conjure Flame            Conj/Fire      0%         6-21      99%         3
 Ignite Poison            Fire/Tmut/Pois 0%         N/A       99%         3
 Vampiric Draining        Necr           0%         2d6       99%         3
 Hailstorm                Conj/Ice       0%         3d3       100%        4
 Ice Form                 Ice/Tmut       0%         N/A       100%        4
 Sticky Flame             Conj/Fire      0%         2d3       100%        4
 Simulacrum               Ice/Necr       0%         N/A       100%        6


Dungeon Overview and Level Annotations

Branches:
Dungeon (2/15)

Altars:


Innate Abilities, Weirdness & Mutations

You are partially covered in molten scales. (AC +2)
You may rarely emit foul miasma when damaged in melee.
You sometimes gain a little power by taking damage.


Message History

The ogre is almost dead.
The ogre barely misses you.
You hit the ogre.
You kill the ogre!
You have reached level 5!
Your demonic ancestry asserts itself...
You begin to emit a foul stench of rot and decay.
You start resting.
You feel a little less mighty now.
Found a stone staircase leading down.
A frilled lizard comes into view.
The frilled lizard hisses angrily.
The frilled lizard bites you.
You slash the frilled lizard!
You kill the frilled lizard!
No target in view!
No target in view!
No target in view!
No target in view!
No target in view!
No target in view!
No target in view!
No target in view!
No target in view!
No target in view!
You see here a frilled lizard corpse.
You start resting.
HP restored.
You start waiting.
Done waiting.
As you read the scroll labelled OCA HICEJU, it crumbles to dust.
It is a scroll of identify.
e - a scroll of immolation
As you read the scroll labelled ROPLUE DUNE, it crumbles to dust.
Your body is wracked with pain!
It was a scroll of torment.
As you read the scroll of identify, it crumbles to dust.
f - a potion of curing You start resting.
HP restored.
Are you sure you want to abandon this character and quit the game? (Confirm with "yes".)

## . ## ..
.... #. .#.
#####. ..
#.....##.#
#.#......###
##.#........#
.......@>...#
...#........#
###...รท....#
#..........#
#.##.......#
#..........#
#..#.......#
#....).#####
#.....)..#


There were no monsters in sight!

Vanquished Creatures
  An ogre (D:2)
  2 adders (D:2)
  A dart slug (D:1)
  5 bats
  8 endoplasms (D:1)
  A giant cockroach (D:1)
  2 hobgoblins (D:1)
  3 quokkas
  4 ball pythons (D:1)
  5 frilled lizards
  9 goblins
  4 kobolds
  6 rats
51 creatures vanquished.

Notes
Turn   | Place    | Note
-------+----------+-------------------------------------------
     0 | D:1      | ytrimaz the Demonspawn Fighter began the quest for the Orb.
     0 | D:1      | Reached XP level 1. HP: 18/18 MP: 1/1
    73 | D:1      | Gained mutation: You sometimes gain a little power by
                  | taking damage. [demonic ancestry]
    73 | D:1      | Reached XP level 2. HP: 24/24 MP: 2/2
   187 | D:1      | Gained mutation: You are partially covered in molten
                  | scales. (AC +2) [demonic ancestry]
   187 | D:1      | Reached XP level 3. HP: 16/29 MP: 3/3
  1372 | D:2      | Reached XP level 4. HP: 35/35 MP: 4/4
  1386 | D:2      | Noticed an ogre
  1396 | D:2      | Killed an ogre
  1397 | D:2      | Gained mutation: You may rarely emit foul miasma when
                  | damaged in melee. [demonic ancestry]
  1397 | D:2      | Reached XP level 5. HP: 20/41 MP: 5/5
  1819 | D:2      | Quit the game

Illustrated notes

Levels and vault maps discovered:
D:1:      moated_graveyard_arrival, layout_basic, minmay_misc_feat_diagonals,
          minmay_hexomino_c4
D:2:      layout_basic, hellmonk_ecumenical_altar_watching_god, st_stairs_12

Skill      XL: |  1  2  3 |
---------------+----------+-----
Axes           | 2 3 |  3.7
Shields        | 3 |  3.1
Armour         | 3 |  3.4
Fighting       | |  3.4

Action                   |  1- 3 |  4- 6 || total
-------------------------+-------+-------++-------
Melee: War axe           |   147 |     9 ||   156
  Use: Potion            |       |     1 ||     1
       Scroll            |       |     3 ||     3
Armor: Scale mail        |    76 |     4 ||    80
Dodge: Dodged            |    76 |     3 ||    79
Block: Buckler           |    41 |     3 ||    44

Table legend: (Time is in decaauts)
 A = Elapsed time spent in this place.
 B = Non-inter-level travel time spent in this place.
 C = Inter-level travel time spent in this place.
 D = Time resting spent in this place.
 E = Time spent auto-exploring this place.
 F = Levels seen in this place.
 G = Mean time per level.
                   A        B        C        D        E       F      G
               +--------+--------+--------+--------+--------+-----+--------+
         Total |   1880 |   1835 |     45 |    410 |   1087 |   2 |  940.0 |
       Dungeon |   1880 |   1835 |     45 |    410 |   1087 |   2 |  940.0 |
               +--------+--------+--------+--------+--------+-----+--------+

Top non-repeatable levels by time:
     D:1: 1001 daAuts
     D:2: 878 daAuts
